[Event "Titled Tuesday Blitz May 03 Early 2022"]
[White "Abarca Gonzalez, Nicolas"]
[Black "Kadam, Om Manish"]
[WhiteFideId "3409422"]
[BlackFideId "45076294"]
[WhiteElo "2828"]
[BlackElo "2479"]
[Result "1-0"]
[Round "01"]
[TimeControl "180+1"]
[Date "2022.05.03"]
[WhiteClock "0:00:24"]
[BlackClock "0:00:36"]

1. e4 c5 2. Nf3 d6 3. Bc4 Nf6 4. e5 dxe5 5. Nxe5 e6 6. Qe2 Bd6 7. f4 O-O 8. b3 b6 9. Qf3 Qc7 10. Bb2 Bb7 11. Qg3 Ne4 12. Qh3 Nd7 13. Nxd7 Qxd7 14. O-O b5 15. Bd3 f5 16. a4 a6 17. Na3 Bc6 18. Bxe4 Bxe4 19. d3 Bc6 20. Rae1 Rae8 21. Qe3 Qc7 22. Be5 bxa4 23. Bxd6 Qxd6 24. bxa4 Bxa4 25. Nc4 Qd4 26. c3 Qxe3+ 27. Rxe3 Bb5 28. Ne5 Rc8 29. c4 Bc6 30. Ra1 Bb7 31. Ra5 Rfd8 32. Re2 Rd6 33. Rb2 Rc7 34. Kf2 g6 35. g3 Kg7 36. Ke3 Kf6 37. Ra3 g5 38. Rab3 Bc8 39. Rb6 Rxb6 40. Rxb6 a5 41. Rb5 gxf4+ 42. gxf4 Ra7 43. Nc6 Ra6 44. Nxa5 Bd7 45. Rxc5 Rb6 46. Rc7 Be8 47. c5 Ra6 48. Nc4 Rc6 49. Rxc6 Bxc6 50. Ne5 Bd5 51. Kd4 Ke7 52. Kc3 Kd8 53. Kb4 Kc7 54. Kb5 Bg2 55. c6 Bd5 56. Kc5 Bg2 57. d4 Bh1 58. Nf7 Bxc6 59. Ng5 Bd5 60. Nxh7 Kd7 61. Nf6+ Ke7 62. Nxd5+ 1-0


[Site "https://www.chess.com"]

[Event "Titled Tuesday Blitz May 03 Early 2022"]
[White "Aldokhin, Ivan"]
[Black "Matveeva, Olga"]
[WhiteFideId "24115720"]
[BlackFideId "24107018"]
[WhiteElo "2231"]
[BlackElo "2083"]
[Result "0-1"]
[Round "01"]
[TimeControl "180+1"]
[Date "2022.05.03"]
[WhiteClock "0:00:04"]
[BlackClock "0:00:25"]

1. e4 e6 2. d4 d5 3. Nd2 c5 4. exd5 Qxd5 5. Ngf3 cxd4 6. Bc4 Qd6 7. O-O Nf6 8. Qe2 Nc6 9. Nb3 Be7 10. Rd1 e5 11. Bb5 Bg4 12. Qxe5 Qxe5 13. Nxe5 Bxd1 14. Nxc6 a6 15. Nxe7+ Kxe7 16. Bd3 Bg4 17. Nxd4 Rhd8 18. c3 h6 19. Bf4 Rac8 20. f3 Bd7 21. Kf2 Nd5 22. Bd2 Kf8 23. Be4 Bc6 24. Nxc6 bxc6 25. Bc1 Nf6 26. Bf5 Rb8 27. b3 a5 28. Bf4 Rb7 29. Re1 Nd5 30. Bd2 Nb4 31. Be3 Nd3+ 32. Bxd3 Rxd3 33. c4 a4 34. Ke2 Rd8 35. b4 Kg8 36. Bc5 Re8+ 37. Kf2 Rxe1 38. Kxe1 f5 39. Kd2 Kf7 40. Ke3 Ke6 41. Kd4 Rd7+ 42. Kc3 Rd1 43. b5 cxb5 44. cxb5 Kd5 45. Bf2 Rb1 46. b6 a3 47. Bd4 Kc6 48. Bxg7 Kxb6 49. Kc2 Rh1 50. Bxh6 Rxh2 51. Bc1 Rxg2+ 52. Kb3 Rg3 53. Kxa3 Rxf3+ 54. Kb4 Rd3 55. a4 Rd4+ 56. Kb3 Re4 57. Kc3 Kc5 58. Kd3 Rxa4 59. Bg5 Kd5 60. Ke3 Ke5 61. Kf2 Ke4 62. Kf1 Kf3 63. Ke1 f4 64. Kf1 Ra1# 0-1


[Site "https://www.chess.com"]

[Event "Titled Tuesday Blitz May 03 Early 2022"]
[White "Alekseenko, Kirill"]
[Black "Prraneeth Vuppala"]
[WhiteFideId "4135539"]
[BlackFideId "46622373"]
[WhiteElo "2682"]
[BlackElo "1958"]
[Result "0-1"]
[Round "01"]
[TimeControl "180+1"]
[Date "2022.05.03"]
[WhiteClock "0:00:05"]
[BlackClock "0:00:12"]

1. e4 e5 2. Nf3 Nc6 3. Bb5 a6 4. Ba4 Nf6 5. O-O b5 6. Bb3 Bc5 7. c3 d6 8. a4 Rb8 9. d4 Bb6 10. a5 Ba7 11. h3 Bb7 12. Be3 Nxe4 13. d5 Bxe3 14. dxc6 Nxf2 15. Rxf2 Bxf2+ 16. Kxf2 Bxc6 17. Nbd2 O-O 18. Kg1 Kh8 19. Qe2 f5 20. Rf1 h6 21. Bc2 Bd7 22. Qe1 e4 23. Nh4 Qg5 24. Rf4 Kh7 25. Qf2 Rbe8 26. Nf1 g6 27. Ne3 Be6 28. Kh1 d5 29. b4 c6 30. g4 Qf6 31. gxf5 g5 32. Ng4 Qd8 33. Ng6 gxf4 34. Nxf8+ Rxf8 35. fxe6 Qe7 36. Qb6 Qxe6 37. Qxa6 f3 38. Qa7+ Rf7 39. Qf2 h5 40. Qh4 Kg6 41. Nf2 Qf6 42. Qg3+ Qg5 43. Qd6+ Rf6 44. Qh2 Qc1+ 45. Qg1+ Qxg1+ 46. Kxg1 Kf5 47. Nd1 Kf4 48. Kf2 Rg6 49. Ne3 h4 50. Bb3 Rg8 51. Bc2 Rg3 52. a6 Rg8 53. c4 dxc4 54. Nd1 Rg2+ 55. Ke1 Rxc2 0-1


[Site "https://www.chess.com"]

[Event "Titled Tuesday Blitz May 03 Early 2022"]
[White "Andreev, Eduard"]
[Black "Sarana, Alexey"]
[WhiteFideId "14103400"]
[BlackFideId "24133795"]
[WhiteElo "2382"]
[BlackElo "2666"]
[Result "0-1"]
[Round "01"]
[TimeControl "180+1"]
[Date "2022.05.03"]
[WhiteClock "0:01:49"]
[BlackClock "0:02:15"]

1. e4 c5 2. Nf3 d6 3. d4 cxd4 4. Nxd4 Nf6 5. f3 Nc6 6. c4 Qb6 7. Nc2 e6 8. Nc3 Be7 9. Rb1 O-O 10. Be3 Qc7 11. Be2 Rd8 12. O-O d5 13. cxd5 exd5 14. exd5 Be6 15. Qe1 Nxd5 16. Nxd5 Bxd5 17. b3 Bd6 18. Qh4 Ne5 19. Rbc1 Ng6 20. Qh5 Nf4 21. Bxf4 Bxf4 22. g3 Bxc1 23. Rxc1 Rac8 24. Bd3 g6 25. Qg5 Qc5+ 26. Kf1 Bxf3 27. Qxc5 Rxc5 28. Bc4 b5 29. Ne1 Bd5 30. Nd3 Bxc4 0-1


[Site "https://www.chess.com"]

[Event "Titled Tuesday Blitz May 03 Early 2022"]
[White "Ansh M Shah"]
[Black "Horobetz, Graham"]
[WhiteFideId "25033379"]
[BlackFideId "2047322"]
[WhiteElo "1819"]
[BlackElo "2638"]
[Result "0-1"]
[Round "01"]
[TimeControl "180+1"]
[Date "2022.05.03"]
[WhiteClock "0:00:02"]
[BlackClock "0:00:24"]

1. d4 Nf6 2. c4 e6 3. Nf3 d5 4. g3 dxc4 5. Bg2 c5 6. O-O cxd4 7. Nxd4 Nbd7 8. Nb5 Nc5 9. Bf4 Na6 10. Qxd8+ Kxd8 11. Rd1+ Nd7 12. Nd2 f6 13. Bd6 c3 14. bxc3 Nac5 15. Nb3 Bxd6 16. Nxd6 Ke7 17. Nc4 Rd8 18. Nb2 Rb8 19. Nd3 Nxd3 20. Rxd3 Ne5 21. Rxd8 Kxd8 22. Rd1+ Ke7 23. f4 Nd7 24. e4 b6 25. Kf2 Bb7 26. Ke3 Rc8 27. Rc1 e5 28. Bh3 exf4+ 29. gxf4 Rc4 30. Bxd7 Rxe4+ 31. Kd3 Kxd7 32. c4 Rxf4 33. c5 Rf2 34. cxb6 axb6 35. Rc2 Be4+ 0-1


[Site "https://www.chess.com"]

[Event "Titled Tuesday Blitz May 03 Early 2022"]
[White "Antonio, Jorge Carlos"]
[Black "Sirosh, Ilja"]
[WhiteFideId "113190"]
[BlackFideId "4500458"]
[WhiteElo "2247"]
[BlackElo "2241"]
[Result "0-1"]
[Round "01"]
[TimeControl "180+1"]
[Date "2022.05.03"]
[WhiteClock "0:00:17"]
[BlackClock "0:00:44"]

1. d4 Nf6 2. Nf3 g6 3. c4 Bg7 4. Nc3 O-O 5. e4 d6 6. Be2 e5 7. O-O Nbd7 8. d5 Qe7 9. h3 c5 10. dxc6 bxc6 11. Be3 Rd8 12. Qc2 Nc5 13. b4 Ne6 14. Rad1 Bb7 15. Na4 d5 16. cxd5 cxd5 17. exd5 Nxd5 18. Nc5 Nxb4 19. Rxd8+ Rxd8 20. Qc4 Nd5 21. Nxb7 Nxe3 22. fxe3 Qxb7 23. Rc1 h6 24. Nh4 Qd5 25. Qxd5 Rxd5 26. Bg4 Nc5 27. Bf3 e4 28. Be2 Nd3 29. Rd1 Nb4 30. Rxd5 Nxd5 31. g4 Nxe3 32. Kf2 Bd4 33. Kg3 Be5+ 34. Kf2 Nd5 35. Bc4 Nb6 36. Bb3 Kg7 37. Ke3 Bg3 38. Ng2 f5 39. gxf5 gxf5 40. Be6 Kf6 41. Bb3 Ke5 42. h4 f4+ 43. Ke2 f3+ 44. Kf1 fxg2+ 45. Kxg2 Bxh4 0-1


[Site "https://www.chess.com"]

[Event "Titled Tuesday Blitz May 03 Early 2022"]
[White "Aradhya, Garg"]
[Black "Khamdamova, Afruza"]
[WhiteFideId "25006746"]
[BlackFideId "14210444"]
[WhiteElo "2169"]
[BlackElo "1660"]
[Result "1-0"]
[Round "01"]
[TimeControl "180+1"]
[Date "2022.05.03"]
[WhiteClock "0:00:31"]
[BlackClock "0:02:01"]

1. d4 Nf6 2. Nf3 b6 3. g3 Bb7 4. Bg2 g6 5. O-O Bg7 6. c4 d6 7. Nc3 O-O 8. d5 c6 9. Nd4 cxd5 10. cxd5 Na6 11. Nc6 Qd7 12. Bg5 h6 13. Bxf6 Bxf6 14. Qd2 Bg7 15. Rac1 e6 16. Rfd1 exd5 17. Nxd5 Kh8 18. Nd4 Rac8 19. h4 h5 20. e3 Rxc1 21. Rxc1 Rc8 22. Kh2 Rxc1 23. Qxc1 Bxd4 24. exd4 Qf5 25. Qh6+ 1-0


[Site "https://www.chess.com"]

[Event "Titled Tuesday Blitz May 03 Early 2022"]
[White "Aung Thant Zin"]
[Black "Al-Tarboush, Ward"]
[WhiteFideId "13000063"]
[BlackFideId "7601450"]
[WhiteElo "2278"]
[BlackElo "2276"]
[Result "0-1"]
[Round "01"]
[TimeControl "180+1"]
[Date "2022.05.03"]
[WhiteClock "0:01:12"]
[BlackClock "0:01:38"]

1. e4 e6 2. d4 d5 3. Nc3 Nf6 4. Bg5 dxe4 5. Nxe4 Be7 6. Bxf6 gxf6 7. Nf3 f5 8. Ng3 c5 9. Bc4 cxd4 10. Qxd4 Qxd4 11. Nxd4 a6 12. O-O-O b5 13. Bb3 Bb7 14. f3 Nd7 15. Rhe1 Nc5 16. Ndxf5 Nxb3+ 17. axb3 Bg5+ 18. Kb1 O-O 19. Nd6 Bc6 20. Nde4 Be7 21. Ne2 Rad8 22. Nd4 Bb7 23. c3 Rd5 24. Kc2 Rfd8 25. b4 Rh5 26. h3 Rc8 27. Nb3 Bd5 28. Nbc5 a5 29. bxa5 Rxc5 30. Nf6+ Bxf6 0-1


[Site "https://www.chess.com"]

[Event "Titled Tuesday Blitz May 03 Early 2022"]
[White "Bach, Ngoc Thuy Duong"]
[Black "Ismagambetov, Anuar"]
[WhiteFideId "12408956"]
[BlackFideId "13701525"]
[WhiteElo "2446"]
[BlackElo "2780"]
[Result "0-1"]
[Round "01"]
[TimeControl "180+1"]
[Date "2022.05.03"]
[WhiteClock "0:00:05"]
[BlackClock "0:00:18"]

1. d4 Nf6 2. c4 e6 3. Nc3 Bb4 4. Qc2 c5 5. dxc5 Bxc5 6. Nf3 Qb6 7. e3 Qc7 8. Be2 a6 9. O-O b6 10. e4 Be7 11. Rd1 d6 12. Bf4 Nbd7 13. a3 Bb7 14. Rac1 Rc8 15. h3 O-O 16. b4 Rfd8 17. Bh2 Qb8 18. Bd3 Nf8 19. Qe2 Ng6 20. Qe3 Bc6 21. Be2 Nd7 22. Nd4 Ba8 23. f4 Ngf8 24. Kh1 Bb7 25. Nf3 Qa8 26. Bd3 Nf6 27. Re1 Re8 28. Qxb6 d5 29. cxd5 exd5 30. exd5 Bd8 31. Qd4 Rxe1+ 32. Rxe1 Nxd5 33. Nxd5 Bxd5 34. Be4 Bxe4 35. Qxe4 Qa7 36. Bg1 Qc7 37. f5 Bf6 38. Bc5 h6 39. Qd5 Qg3 40. Bd6 Qf2 41. Bc5 Qb2 42. a4 Rd8 43. Qc4 Ra8 44. Qc1 Qb3 45. Qd1 Qc4 46. Qe2 Qb3 47. a5 Nd7 48. Qd1 Qxd1 49. Rxd1 Nxc5 50. bxc5 Rc8 51. Rc1 Kf8 52. Nd2 Bg5 53. Rc2 Bxd2 54. Rxd2 Rxc5 55. f6 gxf6 56. Rd6 Rxa5 57. Rxf6 Kg7 58. Rb6 Ra2 59. Rb7 h5 60. Ra7 h4 61. Kg1 a5 62. Ra6 f6 63. Ra7+ Kg6 64. Ra8 a4 65. Kh2 Kg5 66. Ra5+ f5 67. Ra8 a3 68. Ra4 f4 69. Kg1 Kf5 70. Kf1 Ke5 71. Kg1 Kd5 72. Ra8 Kc4 73. Rc8+ Kd3 74. Rd8+ Ke3 75. Re8+ Kd2 76. Rd8+ Ke1 77. Ra8 Ra1 78. Ra4 a2 79. Kh2 Ke2 80. Ra5 Ke3 81. Ra7 Kd4 82. Rd7+ Ke5 83. Re7+ Kf6 84. Ra7 Kf5 85. Rf7+ Ke4 86. Re7+ Kd3 87. Rd7+ Kc4 88. Rc7+ Kb5 89. Ra7 Kb4 90. Rb7+ Kc4 91. Ra7 Kd5 92. Rd7+ Kc5 93. Ra7 Kb6 94. Ra8 Kb7 95. Ra4 Kc6 96. Ra8 Kb6 97. Ra3 Kb5 98. Ra8 Kb4 99. Rb8+ Kc3 100. Rc8+ Kd2 101. Rd8+ Ke1 102. Re8+ Kf1 103. Ra8 Re1 104. Rxa2 Re2 105. Ra1+ Kf2 106. Ra3 Re3 107. Ra2+ Kf1 108. Ra1+ Kf2 109. Ra2+ Re2 110. Ra3 Kf1 111. Rf3+ Rf2 112. Ra3 Rxg2+ 113. Kh1 Rg3 114. Rxg3 hxg3 0-1


[Site "https://www.chess.com"]

[Event "Titled Tuesday Blitz May 03 Early 2022"]
[White "Bacrot, Etienne"]
[Black "Atanasov, Anthony"]
[WhiteFideId "605506"]
[BlackFideId "2623897"]
[WhiteElo "2673"]
[BlackElo "1928"]
[Result "1-0"]
[Round "01"]
[TimeControl "180+1"]
[Date "2022.05.03"]
[WhiteClock "0:00:37"]
[BlackClock "0:00:14"]

1. e4 e5 2. Nf3 Nf6 3. Nc3 Nc6 4. Bb5 Nd4 5. Bc4 c6 6. O-O b5 7. Bb3 a5 8. Nxe5 d5 9. exd5 a4 10. Re1 Be7 11. d6 axb3 12. dxe7 Qd6 13. cxb3 b4 14. Na4 Bf5 15. d3 Ra7 16. Bf4 Nd5 17. Bg3 Rxe7 18. Nxf7 Nf4 19. Nxd6+ 1-0


[Site "https://www.chess.com"]

[Event "Titled Tuesday Blitz May 03 Early 2022"]
[White "Balabayeva, Xeniya"]
[Black "Csonka, Balazs"]
[WhiteFideId "13719688"]
[BlackFideId "742910"]
[WhiteElo "1941"]
[BlackElo "2404"]
[Result "1/2-1/2"]
[Round "01"]
[TimeControl "180+1"]
[Date "2022.05.03"]
[WhiteClock "0:00:01"]
[BlackClock "0:00:07"]

1. e4 c5 2. Nf3 e6 3. g3 Nc6 4. Bg2 Nf6 5. Qe2 e5 6. O-O Be7 7. Nc3 O-O 8. d3 Re8 9. Bg5 d6 10. Bxf6 Bxf6 11. Nd5 Be6 12. c3 g6 13. Nd2 Bg7 14. Ne3 b5 15. f4 exf4 16. gxf4 b4 17. f5 Bd7 18. Rac1 bxc3 19. bxc3 Ne5 20. Ndc4 Nxc4 21. Nxc4 Bb5 22. Ne3 Bc6 23. Kh1 Qg5 24. Qf2 Rf8 25. f6 Bh8 26. Rce1 Rae8 27. h4 Qh5 28. Bf3 Qe5 29. Ng4 Qf4 30. Qg2 h5 31. Bd1 Qxf1+ 32. Rxf1 hxg4 33. Qxg4 Re6 34. h5 Rxf6 35. Rxf6 Bxf6 36. hxg6 Bxc3 37. Qh5 fxg6 38. Qxg6+ Bg7 39. Bg4 Rf6 40. Be6+ Kf8 41. Qg4 Bb5 42. Bc4 Bxc4 43. dxc4 a5 44. Qc8+ Kf7 45. Qd7+ Kg6 46. Qe8+ Kg5 47. Qe7 Kg6 48. Kg2 Bh6 49. Qe8+ Kg7 50. Qe7+ Kg6 51. Qe8+ Kg7 52. Qd7+ Kg6 53. Qe8+ 1/2-1/2


[Site "https://www.chess.com"]

[Event "Titled Tuesday Blitz May 03 Early 2022"]
[White "Barria Zuniga, Daniel"]
[Black "Fajdetic, Hrvoje"]
[WhiteFideId "3400816"]
[BlackFideId "14501945"]
[WhiteElo "2414"]
[BlackElo "2172"]
[Result "1-0"]
[Round "01"]
[TimeControl "180+1"]
[Date "2022.05.03"]
[WhiteClock "0:00:22"]
[BlackClock "0:00:05"]

1. c4 f5 2. g3 Nf6 3. Bg2 e5 4. Nc3 d6 5. d3 Be7 6. Nh3 O-O 7. O-O Nc6 8. Rb1 a5 9. a3 Qe8 10. b4 axb4 11. axb4 Qh5 12. e3 Qh6 13. b5 Nd8 14. f4 Nf7 15. e4 exf4 16. Nxf4 g5 17. Nfd5 Nxd5 18. Nxd5 Bd8 19. exf5 Ne5 20. g4 Ra2 21. h3 c6 22. bxc6 bxc6 23. Nc3 Rxg2+ 24. Kxg2 Qg7 25. Ne4 d5 26. cxd5 cxd5 27. Ng3 Ba6 28. Rb3 Qd7 29. Re1 Bc7 30. Bxg5 Nf7 31. Be3 Qd6 32. Bf2 d4 33. Qf3 Ng5 34. Qd1 Qd5+ 35. Ne4 Bb7 36. Rxb7 Qxb7 37. Bh4 Nxe4 38. Rxe4 Qd5 39. Qf3 Qd6 40. Bg3 Qxg3+ 41. Qxg3 Bxg3 42. Kxg3 Rd8 43. Kf4 Kf7 44. g5 Rd5 45. h4 h6 46. Re6 hxg5+ 47. hxg5 Ra5 48. g6+ Kg7 49. Kg5 Ra1 50. Re7+ Kf8 51. Rd7 Rd1 52. Rxd4 Ke7 53. g7 Rg1+ 54. Rg4 Rxg4+ 55. Kxg4 Kf7 56. f6 1-0


[Site "https://www.chess.com"]

[Event "Titled Tuesday Blitz May 03 Early 2022"]
[White "Bas Mas, Jose Joaquin"]
[Black "Kamsky, Gata"]
[WhiteFideId "22219064"]
[BlackFideId "2000024"]
[WhiteElo "2468"]
[BlackElo "2804"]
[Result "1/2-1/2"]
[Round "01"]
[TimeControl "180+1"]
[Date "2022.05.03"]
[WhiteClock "0:00:05"]
[BlackClock "0:00:08"]

1. e4 e5 2. Nf3 Nc6 3. c3 Nf6 4. d4 Nxe4 5. d5 Ne7 6. Nxe5 Ng6 7. Nxg6 hxg6 8. Bd3 Nf6 9. Qe2+ Qe7 10. O-O Qxe2 11. Bxe2 Nxd5 12. Bf3 Nf6 13. a4 d5 14. Re1+ Be6 15. Na3 c6 16. Be3 a5 17. Bb6 Be7 18. h3 O-O 19. Nc2 Rfe8 20. Nd4 Bd7 21. Nb3 Bf5 22. Nxa5 Nd7 23. Bc7 Nc5 24. b4 Ne6 25. Bg3 Ra7 26. Nb3 Rea8 27. a5 d4 28. Nxd4 Nxd4 29. Rxe7 Nxf3+ 30. gxf3 Bxh3 31. Rd1 Be6 32. Bc7 Bd5 33. Bb6 Ra6 34. Kg2 g5 35. Kg3 Kh7 36. Rh1+ Kg6 37. Rhe1 Rb8 38. Rc7 Raa8 39. Ree7 Rh8 40. Rxb7 Rh1 41. f4 Rah8 42. fxg5 R1h3+ 43. Kf4 R8h4+ 44. Ke5 Rxc3 45. Kd6 Rxb4 46. a6 Ra4 47. a7 Rc2 48. Rb8 Rca2 49. Ree8 Rd2 50. a8=Q Rxa8 51. Rxa8 c5 52. Kxc5 Bxa8 53. Rxa8 Rxf2 54. Ra7 Kxg5 55. Kc6 Rf5 56. Be3+ Kg4 57. Ra4+ Kf3 58. Bc1 g5 59. Kd6 g4 60. Ra3+ Kg2 61. Rd3 g3 62. Rd2+ Kf1 63. Bb2 g2 64. Bd4 Rg5 65. Rf2+ Ke1 66. Rxf7 g1=Q 67. Bxg1 Rxg1 68. Re7+ Kd2 69. Re5 1/2-1/2


[Site "https://www.chess.com"]

[Event "Titled Tuesday Blitz May 03 Early 2022"]
[White "Begunov, Konstantin"]
[Black "Rohith Krishna S"]
[WhiteFideId "4118510"]
[BlackFideId "46617051"]
[WhiteElo "2434"]
[BlackElo "2748"]
[Result "1-0"]
[Round "01"]
[TimeControl "180+1"]
[Date "2022.05.03"]
[WhiteClock "0:01:03"]
[BlackClock "0:01:32"]

1. d4 e6 2. c4 Nf6 3. Nf3 d5 4. Nc3 Be7 5. cxd5 exd5 6. Bg5 O-O 7. e3 c6 8. Qc2 Nbd7 9. Bd3 Re8 10. O-O h6 11. Bh4 Ne4 12. Bxe4 Bxh4 13. Bh7+ Kf8 14. Bf5 Bf6 15. b4 a6 16. a4 Nb6 17. b5 Nc4 18. bxc6 bxc6 19. Bxc8 Rxc8 20. Rfd1 Qa5 21. Nd2 Nxd2 22. Qxd2 Rb8 23. Rab1 Be7 24. g3 Rb4 25. Qc2 Rc4 26. Qh7 Bf6 27. Qh8+ Ke7 28. Rb7+ Kd6 29. Qxe8 Rxc3 30. Qd7# 1-0


[Site "https://www.chess.com"]

[Event "Titled Tuesday Blitz May 03 Early 2022"]
[White "Bekturov, Tamerlan"]
[Black "Ramirez Vido, Robert Yorisan"]
[WhiteFideId "13710184"]
[BlackFideId "3513823"]
[WhiteElo "2151"]
[BlackElo "2271"]
[Result "0-1"]
[Round "01"]
[TimeControl "180+1"]
[Date "2022.05.03"]
[WhiteClock "0:01:35"]
[BlackClock "0:02:15"]

1. d4 g6 2. e4 d6 3. c4 Nf6 4. Nc3 Bg7 5. Nf3 O-O 6. Be2 Na6 7. Be3 e5 8. d5 Ng4 9. Bd2 f5 10. Ng5 Nf6 11. f3 Qe7 12. Be3 h6 13. Nh3 f4 14. Bf2 Bxh3 15. gxh3 c6 16. O-O c5 17. a3 Nh7 18. Re1 Qg5+ 19. Kh1 Qh5 20. Bf1 Ng5 0-1


[Site "https://www.chess.com"]

[Event "Titled Tuesday Blitz May 03 Early 2022"]
[White "Bellissimo, Joseph F."]
[Black "Zhao, Jun"]
[WhiteFideId "2609843"]
[BlackFideId "8602522"]
[WhiteElo "2061"]
[BlackElo "2547"]
[Result "0-1"]
[Round "01"]
[TimeControl "180+1"]
[Date "2022.05.03"]
[WhiteClock "0:00:50"]
[BlackClock "0:00:46"]

1. e4 e5 2. Nf3 Nc6 3. Bc4 Nf6 4. d4 exd4 5. e5 d5 6. Bb5 Ne4 7. Nxd4 Bd7 8. Bxc6 bxc6 9. O-O Bc5 10. f3 Ng5 11. Be3 Ne6 12. f4 Bb6 13. Kh1 Qe7 14. Nf5 Qb4 15. Bd2 Qf8 16. Ng3 g6 17. f5 gxf5 18. Nh5 O-O-O 19. b4 f4 20. a4 Bd4 21. c3 Bxe5 22. Qe2 f6 23. Qa6+ Kb8 24. b5 Bc8 25. Qxc6 Rd6 26. Qc5 Nxc5 27. Nxf4 Ne4 28. Bc1 Qh6 29. Rf3 Bg4 30. Nd3 Qxh2# 0-1


[Site "https://www.chess.com"]

[Event "Titled Tuesday Blitz May 03 Early 2022"]
[White "Bendayan Claros, Aaron"]
[Black "Tatarinov, Dmitry"]
[WhiteFideId "3803392"]
[BlackFideId "24160067"]
[WhiteElo "2132"]
[BlackElo "2302"]
[Result "0-1"]
[Round "01"]
[TimeControl "180+1"]
[Date "2022.05.03"]
[WhiteClock "0:00:08"]
[BlackClock "0:01:54"]

1. d4 Nf6 2. Bg5 d5 3. e3 c5 4. c3 Qb6 5. Qb3 c4 6. Qxb6 axb6 7. Nd2 b5 8. a3 Nc6 9. Rd1 Nd7 10. e4 e6 11. Ngf3 Nb6 12. Nb1 Na4 13. exd5 exd5 14. Bc1 Bf5 15. Nbd2 Bc2 16. Be2 Bxd1 17. Bxd1 Kd7 18. O-O Bd6 19. Bc2 g6 20. g3 f6 21. Kg2 Rhe8 22. Rd1 Kc7 23. h4 Bxa3 24. bxa3 Nxc3 25. Rh1 b4 26. axb4 Nxb4 27. Bd1 Ra2 28. Nh2 Nd3 29. Bf3 Ne2 30. Bxd5 Nexc1 31. Nxc4 Rxf2+ 32. Kh3 f5 33. Ne5 Rc2 34. Nhf3 Nf2+ 35. Kg2 Nxh1+ 36. Kxh1 Ne2 37. Bb3 Nxg3+ 38. Kg1 Rb2 39. Ba4 Ra8 0-1


[Site "https://www.chess.com"]

[Event "Titled Tuesday Blitz May 03 Early 2022"]
[White "Bifulco, Michel"]
[Black "Melikyan, Gnel"]
[WhiteFideId "828580"]
[BlackFideId "54109990"]
[WhiteElo "2165"]
[BlackElo "1772"]
[Result "0-1"]
[Round "01"]
[TimeControl "180+1"]
[Date "2022.05.03"]
[WhiteClock "0:01:17"]
[BlackClock "0:01:40"]

1. d4 Nf6 2. Nc3 d5 3. Bf4 c6 4. e3 Qb6 5. Rb1 Bf5 6. f3 e6 7. g4 Bg6 8. h4 h6 9. h5 Bh7 10. Bd3 Bxd3 11. Qxd3 Nbd7 12. Nge2 a6 13. Kf2 c5 14. dxc5 Nxc5 15. Qd4 Ncd7 16. Qxb6 Nxb6 17. e4 Bc5+ 18. Be3 Bxe3+ 19. Kxe3 dxe4 20. Nxe4 Nc4+ 21. Kd4 Nxe4 22. fxe4 Nd2 23. Rbd1 O-O-O+ 24. Ke3 Nc4+ 25. Kf3 Nxb2 26. Rb1 Nc4 27. Rb4 Ne5+ 28. Kf4 Nc6 29. Rc4 Kc7 30. Nc3 b5 0-1


[Site "https://www.chess.com"]

[Event "Titled Tuesday Blitz May 03 Early 2022"]
[White "Boe, Mads"]
[Black "Safarli, Eltaj"]
[WhiteFideId "1401408"]
[BlackFideId "13402129"]
[WhiteElo "2343"]
[BlackElo "2634"]
[Result "1/2-1/2"]
[Round "01"]
[TimeControl "180+1"]
[Date "2022.05.03"]
[WhiteClock "0:00:16"]
[BlackClock "0:00:07"]

1. e4 e5 2. Nf3 Nc6 3. d4 exd4 4. Nxd4 Bc5 5. Be3 Qf6 6. c3 Nge7 7. Bc4 O-O 8. O-O d6 9. Nxc6 Nxc6 10. Bxc5 dxc5 11. f4 Be6 12. Bb5 Rad8 13. Qe2 Na5 14. Nd2 a6 15. Ba4 c4 16. Bc2 Bg4 17. Qe3 Qb6 18. Qxb6 cxb6 19. Rf2 b5 20. h3 Bc8 21. Nf3 Nc6 22. Rd1 f6 23. Rfd2 Rxd2 24. Rxd2 Re8 25. Kf2 Kf7 26. Nd4 Nxd4 27. Rxd4 Ke7 28. Kf3 Be6 29. Rd2 Rc8 30. Ke3 b4 31. Rd4 bxc3 32. bxc3 Rc5 33. Bd1 Ra5 34. a4 b5 35. axb5 axb5 36. Rd2 Ra1 37. Kd4 Kd6 38. e5+ fxe5+ 39. fxe5+ Ke7 40. Bf3 Ra3 41. Rb2 Rb3 42. Ra2 b4 43. Ra7+ Kf8 44. Ra8+ Kf7 45. Ra7+ Kg6 46. Be4+ Bf5 47. Ra6+ Kg5 48. Bxf5 Kxf5 49. e6 Kf6 50. Ra7 Rxc3 51. e7 Kf7 52. Rb7 Rg3 53. Kxc4 Rxg2 54. Kd5 Rd2+ 55. Ke5 Rd3 56. h4 b3 57. h5 Rh3 58. Kd6 Rd3+ 59. Ke5 b2 60. Rxb2 Re3+ 61. Kf5 Rxe7 62. Rg2 Ra7 63. Kg5 Ra5+ 64. Kh4 Rf5 65. Rg3 Kf6 66. Rg2 Rf4+ 67. Kh3 Ra4 68. Rg1 Ra5 69. Kh4 Ra2 70. Rg3 Rh2+ 71. Kg4 Rh1 72. Rf3+ Ke6 73. Re3+ Kf7 74. Rf3+ Kg8 75. Re3 Rg1+ 76. Kh4 Kf7 77. Rf3+ Ke6 78. Rf8 Ke5 79. Rf7 h6 80. Rf2 Rg5 81. Rf1 Rf5 82. Re1+ Kf6 83. Rg1 Rf4+ 84. Kh3 Rf3+ 85. Kh4 Rf5 86. Rg2 Re5 87. Rf2+ Ke6 88. Rg2 Re4+ 89. Kh3 Kf7 90. Rf2+ Kg8 91. Rg2 Re5 92. Kh4 Re6 93. Rg3 Ra6 94. Rg2 Ra1 95. Kg4 Rf1 96. Rg3 Kf7 97. Kh4 Kf6 98. Kg4 Rh1 99. Rf3+ Ke5 100. Re3+ Kd4 101. Re7 Rg1+ 102. Kh4 Rg5 103. Re8 Kd3 104. Re7 Kd4 105. Re8 Kd5 106. Re7 Kd6 107. Re1 Re5 108. Rg1 Re4+ 109. Kh3 Re7 110. Kh4 Ke6 111. Re1+ Kf6 112. Rf1+ Ke5 113. Re1+ Kd6 114. Rd1+ Kc7 115. Rc1+ Kd8 116. Rd1+ Ke8 117. Rf1 Re4+ 118. Kh3 Ke7 119. Rf2 Ke6 120. Rf1 Rd4 121. Rf2 Rd5 122. Kh4 Rf5 123. Re2+ Kf6 124. Rg2 Rf4+ 125. Kh3 Re4 126. Rg1 Re3+ 127. Kh4 g5+ 128. hxg6 Kg7 129. Kh5 Re4 130. Rg2 Rf4 131. Rg1 Rf2 132. Rg3 Rh2+ 133. Kg4 Kxg6 134. Kf4+ Kf6 135. Kg4 h5+ 136. Kf4 Rf2+ 137. Rf3 Rg2 138. Rg3 Ra2 139. Rf3 Ra4+ 140. Kg3+ Kg5 141. Kh3 Rh4+ 142. Kg2 Rg4+ 143. Rg3 Kf4 144. Rxg4+ hxg4 145. Kf2 g3+ 146. Kg2 Kg4 147. Kg1 Kh3 148. Kh1 g2+ 149. Kg1 Kg3 1/2-1/2


[Site "https://www.chess.com"]

[Event "Titled Tuesday Blitz May 03 Early 2022"]
[White "Borgaonkar Akshay"]
[Black "Yang, Kaiqi"]
[WhiteFideId "25639110"]
[BlackFideId "8604398"]
[WhiteElo "1624"]
[BlackElo "2373"]
[Result "0-1"]
[Round "01"]
[TimeControl "180+1"]
[Date "2022.05.03"]
[WhiteClock "0:00:05"]
[BlackClock "0:00:09"]

1. e4 e6 2. d4 d5 3. Nc3 Bb4 4. e5 c5 5. a3 Bxc3+ 6. bxc3 Ne7 7. Qg4 Qc7 8. Qxg7 Rg8 9. Qxh7 cxd4 10. Ne2 Nbc6 11. f4 Bd7 12. h4 dxc3 13. h5 d4 14. h6 O-O-O 15. Qd3 Nf5 16. h7 Rh8 17. g4 Nfe7 18. Bg2 Ng6 19. Rb1 a6 20. Nxd4 Be8 21. Be3 Nxf4 22. Bxf4 Rxd4 23. Qe3 Rd2 24. Be4 Qa5 25. O-O b5 26. Qc5 Qc7 27. Qxc3 Rd8 28. Rfd1 Rxd1+ 29. Rxd1 Ne7 30. Qxc7+ Kxc7 31. Bg5 Bc6 32. Bf6 Bxe4 33. Bxh8 Bxh7 34. Bf6 Nd5 35. Kf2 Bg6 36. Kf3 Kc6 37. Rc1 a5 38. c4 bxc4 39. Rxc4+ Kb5 40. Rd4 Kc5 41. Rd1 Kc4 42. Rc1+ Kb3 43. Ke2 Kxa3 44. Kd2 a4 45. Ra1+ Kb3 46. Kc1 a3 47. Bg5 a2 48. Bd2 Bd3 49. g5 Nb6 50. Be3 Nc4 51. Bd4 Na3 52. Kd2 Bg6 53. Rh1 Nc2 54. Rh3+ Kc4 55. Bb2 a1=Q 56. Bxa1 Nxa1 57. Ke3 Nb3 58. Kf4 Nc5 59. Rh4 Nd3+ 60. Ke3+ Kd5 61. Rd4+ Kxe5 62. Ra4 Nc5 63. Ra5 Kd6 64. Kf4 Nd7 65. Ra6+ Ke7 66. Ra7 Ke8 67. Ra8+ Ke7 68. Ra7 Kd6 69. Ra6+ Kd5 70. Ra5+ Nc5 71. Ra7 Nd3+ 72. Ke3 Ke5 73. Ra5+ Kd6 74. Ra6+ Ke7 75. Ra7+ Kf8 76. Ra8+ Kg7 77. Ra1 Nb4 78. Rg1 Nd5+ 79. Kd4 Kf8 80. Ke5 Kg7 81. Ra1 Bf5 82. Rg1 Kg6 83. Kd6 Ne3 84. Ke5 Ng4+ 85. Kf4 e5+ 86. Kg3 Kxg5 87. Ra1 f6 88. Ra8 e4 89. Re8 Bg6 90. Kg2 f5 91. Kg3 f4+ 92. Kg2 e3 93. Kf3 Nf6 94. Re6 Bh5+ 95. Kg2 Kf5 96. Re7 f3+ 97. Kg3 Ne4+ 98. Kh2 e2 99. Rg7 e1=Q 100. Rg4 Qf2+ 101. Kh1 Qf1+ 102. Kh2 Qe2+ 103. Kh1 Qd1+ 104. Kh2 Qc2+ 105. Kh3 Bxg4+ 106. Kh4 Qh2# 0-1


[Site "https://www.chess.com"]